 Dungeon Crawl Stone Soup version 0.24.0-123-gd5b16e6ec5 (webtiles) character file.

Game seed: 12116075584238697535, levelgen mode: deterministic

264 AuftragZ the Conjurer (level 5, -7/28 HPs)
             Began as a Deep Elf Conjurer on Jan 21, 2020.
             Was a Follower of Sif Muna.
             Killed by divine providence
             ... invoked by an orc priest
              (15 damage)
             ... on level 4 of the Dungeon.
             The game lasted 00:30:01 (4128 turns).

AuftragZ the Conjurer (Deep Elf Conjurer)           Turns: 4128, Time: 00:30:02

Health: -7/28      AC:  4    Str:  5    XL:     5   Next: 98%
Magic:  1/15       EV: 13    Int: 21    God:    Sif Muna [*.....]
Gold:   130        SH:  0    Dex: 15    Spells: 2/15 levels left

rFire    + . .     SeeInvis +   e - +0 mace
rCold    x . .     Gourm    .   (no shield)
rNeg     . . .     Faith    .   a - +1 robe
rPois    .         Spirit   .   (no helmet)
rElec    .         Reflect  .   (no cloak)
rCorr    .         Harm     .   (no gloves)
MR       .....                  d - +0 pair of boots (curse)
Stlth    ++........             (no amulet)
HPRegen  0.09/turn              f - ring of see invisible
MPRegen  0.14/turn              i - ring of fire

@: slowed, very slow
A: no striking features
a: Channel Magic, Renounce Religion


You were on level 4 of the Dungeon.
You worshipped Sif Muna.
Sif Muna was aware of your devotion.
You were very hungry.

You visited 1 branch of the dungeon, and saw 4 of its levels.

You collected 178 gold pieces.
You paid 48 gold pieces to Gozag.

Inventory:

Hand Weapons
 e - a +0 mace (weapon)
Missiles
 b - 38 poisoned darts (quivered)
Armour
 a - a +1 robe (worn)
 d - a cursed +0 pair of boots (worn)
Jewellery
 f - a ring of see invisible (left hand)
 i - a ring of fire (right hand)
Scrolls
 h - a scroll of immolation
 l - a scroll of teleportation
Potions
 g - 2 potions of haste
 j - a potion of agility
 k - 3 potions of curing
Comestibles
 c - 3 rations


   Skills:
 + Level 2.5 Dodging
 - Level 2.4 Stealth
 * Level 5.7 Spellcasting
 * Level 6.6 Conjurations
 + Level 0.3 Invocations


You had 2 spell levels left.
You knew the following spells:

 Your Spells              Type           Power        Failure   Level  Hunger
a - Magic Dart            Conj           ####         1%          1    None
b - Searing Ray           Conj           ####..       1%          2    None
c - Animate Skeleton      Necr           N/A          10%         1    None
d - Iskenderun's Mystic   Conj           ####....     6%          4    ####...
e - Fulminant Prism       Conj/Hex       ###.......   26%         4    ####...
f - Summon Small Mammal   Summ           #...         10%         1    None

Your spell library contained the following spells:

 Spells                   Type           Power        Failure   Level  Hunger
 Apportation              Tloc           #.....       10%         1    None
 Confusing Touch          Hex            #.....       10%         1    None
 Dazzling Spray           Conj/Hex       ###...       8%          3    ##.....
 Force Lance              Conj/Tloc      ###.....     26%         4    ####...


Dungeon Overview and Level Annotations

Branches:
Dungeon (4/15)
 Temple: D:4-7

Altars:
Ashenzari
Gozag
Qazlal
Ru
Sif Muna
Trog
Yredelemnul

Shops:
D:4 ?


Message History

Aim: an orc, wielding a +0 short sword and wearing a +0 leather armour The searing ray hits the orc priest!
The orc priest is heavily wounded. (Press . to maintain the ray.)
The orc priest completely misses you.
Without enough magic to sustain it, your searing ray dissipates.
The orc priest mumbles some strange prayers to Beogh against you.
Pain shoots through your body!
* * * LOW HITPOINT WARNING * * *
The orc priest hits you but does no damage.
You hit the orc priest.
The orc priest is severely wounded.
The orc priest barely misses you.
The orc priest begins to cast a cantrip, but forgets the words!
You hit the orc priest but do no damage.
The orc priest is severely wounded.
The orc priest mumbles some strange prayers to Beogh against you.
Beogh smites you!
Ouch! That really hurt!
You die...

##'# .. #... . ##. #... +..
#... #.. ##'# #.# #.. #.#
############## #.#
#............. #@#
#.############
################o#
#.............
.†.†.....ooo....o#
#..###..######
################.# #..#
#..#....# #####..###..#.##.#
#.......##........
#.###...##..#.##.#
#.###...##........
############.......###.####.#


You could see an orc priest and an orc.

Vanquished Creatures
  2 orc priests (D:4)
  2 orc wizards (D:4)
  An iguana (D:4)
  Natasha (twice) (D:4)
  An adder (D:4)
  A worm (D:4)
  2 dart slugs (D:1)
  2 leopard geckos
  3 orcs (D:4)
  2 ball pythons
  2 giant cockroaches
  4 goblins
  6 hobgoblins
  3 jackals (D:2)
  5 quokkas
  6 bats
  4 frilled lizards
  4 kobolds
  A leopard gecko skeleton (D:4)
  4 rats
57 creatures vanquished.

Notes
Turn   | Place    | Note
-------+----------+-------------------------------------------
     0 | D:1      | AuftragZ the Deep Elf Conjurer began the quest for the Orb.
     0 | D:1      | Reached XP level 1. HP: 10/10 MP: 6/6
   322 | D:1      | Reached XP level 2. HP: 15/15 MP: 4/8
   360 | D:1      | Learned a level 2 spell: Searing Ray
   365 | D:1      | Reached skill level 5 in Conjurations
   542 | D:1      | Learned a level 2 spell: Searing Ray
  1293 | D:2      | Reached XP level 3. HP: 19/19 MP: 6/9
  1568 | D:2      | Found a bloodstained altar of Trog.
  2016 | D:2      | Found a sacrificial altar of Ru.
  2016 | D:2      | Found a shattered altar of Ashenzari.
  2228 | D:3      | Found an opulent altar of Gozag.
  2245 | D:3      | Became a worshipper of Gozag Ym Sagoz the Greedy
  2289 | D:3      | Found a stormy altar of Qazlal.
  2449 | D:3      | Found a faded altar of an unknown god.
  2528 | D:3      | Fell from the grace of Gozag
  2528 | D:3      | Became a worshipper of Sif Muna the Loreminder
  2528 | D:3      | Reached * piety under Sif Muna
  2636 | D:3      | Learned a level 1 spell: Animate Skeleton
  2649 | D:3      | Found a basalt altar of Yredelemnul.
  2920 | D:4      | Reached XP level 4. HP: 24/24 MP: 3/12
  3307 | D:4      | Reached skill level 6 in Conjurations
  3309 | D:4      | Was forgiven by Gozag
  3309 | D:4      | Reached XP level 5. HP: 12/28 MP: 12/14
  3510 | D:4      | Found Lotzyoxke's Magic Scroll Boutique.
  3594 | D:4      | Learned a level 4 spell: Iskenderun's Mystic Blast
  3599 | D:4      | Learned a level 4 spell: Fulminant Prism
  3601 | D:4      | Learned a level 1 spell: Summon Small Mammal
  3646 | D:4      | Noticed Natasha
  3650 | D:4      | Killed Natasha
  3650 | D:4      | Reached skill level 5 in Spellcasting
  3912 | D:4      | Noticed Natasha
  3914 | D:4      | Killed Natasha
  4128 | D:4      | Killed from afar by an orc priest

Levels and vault maps discovered:
D:1:      evilmike_arrival_rings, layout_basic
D:2:      layout_loops_cross, nicolae_overflow_crystal_walls,
          amethyst_overflow_temple_binary
D:3:      layout_rooms, grunt_gozag_breadcrumbs, lemuel_round_altar,
          grunt_qazlal_clouds, chequers_ecumenical_altar_twisty
D:4:      layout_basic, first_ration, serial_shops, shop, uniq_natasha

Skill      XL: |  1  2  3  4  5 |
---------------+----------------+-----
Conjurations   | 5 6 |  6.6
Spellcasting   | 4 5 |  5.7
Dodging        | |  2.5
Stealth        | |  2.4
Invocations    | |  0.3

Action                   |  1- 3 |  4- 6 || total
-------------------------+-------+-------++-------
Melee: Unarmed           |     1 |       ||     1
       Mace              |       |     5 ||     5
 Cast: Magic Dart        |    62 |    20 ||    82
       Searing Ray       |    12 |     9 ||    21
       Iskenderun's Myst |       |     5 ||     5
       Summon Small Mamm |       |     2 ||     2
Invok: Potion Petition   |     1 |       ||     1
       Channel Magic     |       |     1 ||     1
  Use: Scroll            |     7 |       ||     7
       Potion            |     6 |     1 ||     7
  Eat: Chunk             |     1 |     2 ||     3
       Ration            |     2 |       ||     2
Armor: Robe              |     2 |     5 ||     7
Dodge: Dodged            |     6 |    15 ||    21
